 Dungeon Crawl Stone Soup version 0.18-a0-1577-gf591c28 (webtiles) character file.

136 Geeful the Ducker (level 4, 0/20 HPs)
             Began as a Felid Transmuter on Mar 17, 2016.
             Killed from afar by an orc wizard (7 damage)
             ... with a magic dart
             ... on level 4 of the Dungeon.
             The game lasted 00:14:09 (3626 turns).

Geeful the Ducker (Felid Transmuter)                Turns: 3626, Time: 00:14:09

Health: 0/20       AC:  1    Str:  6    XL:     4   Next: 98%
Magic:  9/9        EV: 26    Int: 14    God:
Gold:   94         SH:  0    Dex: 22    Spells: 3 memorised, 2 levels left
                                        Lives:  0   Deaths: 1

rFire  + . .     SeeInvis +       - Unarmed
rCold  x . .     Gourm    .     (armour unavailable)
rNeg   . . .     Faith    .     (shield unavailable)
rPois  .         Spirit   .     (helmet unavailable)
rElec  .         Dismiss  .     (cloak unavailable)
rCorr  .         Reflect  .     (gloves unavailable)
SustAt .         Harm     .     (boots unavailable)
MR     .....                    (no amulet)
Stlth  +++.......               (no ring)
                                q - ring of fire

@: agile, very slightly contaminated, quick, not resistant to hostile
enchantments, fairly stealthy
A: no armour, no weapons or thrown items, claws 1, fangs 3, see invisible,
carnivore 3, speed 1, shaggy fur 1, slow metabolism 1, sharp paws
a: no special abilities


You were on level 4 of the Dungeon.
You were not hungry.

You visited 1 branch of the dungeon, and saw 4 of its levels.

You collected 94 gold pieces.

Inventory:

Missiles
 a - 20 arrows
 j - 2 arrows of dispersal
 p - 13 arrows of frost
Jewellery
 q - a ring of fire (left paw)
Scrolls
 g - a scroll of enchant armour
 l - a scroll of teleportation {unknown}
 n - a scroll of fear {unknown}
 o - a scroll of fog {unknown}
Potions
 d - a potion of cancellation
 e - a potion of flight
 h - a potion of magic
Books
 b - a book of Changes

   Spells                             Type                      Level
   a - Beastly Appendage              Transmutation                1
   b - Sticks to Snakes               Transmutation                2
   c - Spider Form                    Transmutation/Poison         3
   d - Ice Form                       Ice/Transmutation            4
   e - Blade Hands                    Transmutation                5
Comestibles
 c - 4 meat rations


   Skills:
 + Level 2.4 Fighting
 + Level 4.3 Dodging
 + Level 3.8 Unarmed Combat
 + Level 2.9 Spellcasting
 + Level 3.4 Transmutations


You had 2 spell levels left.
You knew the following spells:

 Your Spells              Type           Power        Failure   Level  Hunger
a - Beastly Appendage     Trmt           ##....       6%          1    #......
b - Sticks to Snakes      Trmt           ##......     10%         2    ##.....
c - Spider Form           Trmt/Pois      #.........   38%         3    ###....


Dungeon Overview and Level Annotations

Branches:
Dungeon (4/15)
 Temple: D:4-7

Altars:
Cheibriados
Okawaru


Innate Abilities, Weirdness & Mutations

You cannot wear armour.
You are incapable of wielding weapons or throwing items.
You have sharp claws.
You have razor-sharp teeth.
You have supernaturally acute eyesight.
You are carnivorous and can eat meat at any time.
You cover ground quickly.
You are covered in fur (AC +1).
You have a slow metabolism.
Your sharp claws are effective at attacking unaware monsters.


Message History

You kill the orc wizard!
You bump into the rock wall.
The orc barely misses you.
You hit the orc.
The orc is moderately wounded.
Your transformation is almost over.
The orc completely misses you.
You bump into the rock wall.
The orc completely misses you.
You hit the orc.
The orc is poisoned.
The orc is heavily wounded.
You feel less confused. The orc hits you with a club.
You see here 13 gold pieces.
Your transformation has ended.
You see here an orc corpse.
You feel a little less clever now.
The orc wizard shouts!
You kill the orc!
The orc wizard points at you and mumbles some strange words.
The magic dart hits you!
You die...

......s.............)##...##
.# .................
#..##.## .# #.......#...#
#.....# o#
#.......#...####...### .#
#......o.o.)†.s$(...#### o#
#######.##.#####........o
#a##.# #....##### #o##.#
#s...# #.##@# #.##.#
#.##.#####.##.#
#.....†s).....#
###############


You could see an orc wizard.

Vanquished Creatures
  3 orc wizards
  A worker ant (D:4)
  An adder (D:2)
  An ooze (D:1)
  2 worms
  3 dart slugs (D:1)
  2 orcs (D:4)
  9 bats
  2 giant cockroaches
  5 goblins
  7 hobgoblins
  6 jackals
  7 kobolds
  A quokka (D:4)
  2 ball pythons
  3 giant newts
  5 rats
60 creatures vanquished.

Vanquished Creatures (collateral kills)
  An adder (D:3)
  7 orcs
8 creatures vanquished.

Grand Total: 68 creatures vanquished

Notes
Turn   | Place    | Note
--------------------------------------------------------------
     0 | D:1      | Geeful the Felid Transmuter began the quest for the Orb.
     0 | D:1      | Reached XP level 1. HP: 9/9 MP: 4/4
   200 | D:1      | Reached skill level 3 in Dodging
   200 | D:1      | Reached XP level 2. HP: 12/12 MP: 3/6
   736 | D:1      | Reached XP level 3. HP: 13/15 MP: 7/7
  2286 | D:2      | Learned a level 2 spell: Sticks to Snakes
  2290 | D:2      | Learned a level 3 spell: Spider Form
  2342 | D:3      | Reached XP level 4. HP: 19/19 MP: 5/8
  2599 | D:3      | Found an iron altar of Okawaru.
  3193 | D:3      | Reached skill level 4 in Dodging
  3535 | D:4      | Slain by an orc wizard
  3536 | D:4      | Reached XP level 3. HP: 0/16 MP: 7/8
  3536 | D:4      | Found a snail-covered altar of Cheibriados.
  3563 | D:4      | Noticed a scorpion
  3593 | D:4      | Reached XP level 4. HP: 17/19 MP: 5/9
  3626 | D:4      | Killed from afar by an orc wizard

Vault maps used:
D:1:      wheals_arrival_linesprint
D:2:      first_bread
D:3:      okawaru_metal_pillars_3
D:4:      lemuel_round_altar, serial_shops, shop, uniq_robin

Skill      XL: |  1  2  3  4 |
---------------+-------------+-----
Dodging        | 3 4 |  4.3
Transmutations | 3 |  3.4
Fighting       | 2 |  2.4
Unarmed Combat | |  3.8
Spellcasting   | |  2.9

Action                   |  1- 3 |  4- 6 || total
-------------------------+-------+-------++-------
Melee: Unarmed           |   117 |    64 ||   181
 Cast: Beastly Appendage |    20 |    10 ||    30
       Sticks to Snakes  |     3 |    10 ||    13
       Spider Form       |     1 |       ||     1
  Use: Scroll            |     5 |     1 ||     6
       Potion            |     3 |     1 ||     4
 Stab: Sleeping          |     6 |     1 ||     7
  Eat: Chunk             |    10 |     3 ||    13
